 Dungeon Crawl Stone Soup version 0.23.2-30-g0e89c35649 (webtiles) character file.

Game seed: 15617297023993593809

394 MisterOstroum the Ruffian (level 6, -1/61 HPs)
             Began as a Troll Gladiator on June 7, 2019.
             Slain by a frilled lizard (2 damage)
             ... in a sewer on June 10, 2019.
             The game lasted 00:06:00 (1984 turns).

MisterOstroum the Ruffian (Troll Gladiator)         Turns: 1984, Time: 00:06:01

Health: -1/61      AC:  6    Str: 22 (25) XL:     6   Next: 51%
Magic:  14/14      EV: 13    Int:  1 (4)  God:
Gold:   53         SH:  0    Dex:  9 (11) Spells: 5/5 levels left

rFire    . . .     SeeInvis .     - Unarmed
rCold    . . .     Gourm    +   (no shield)
rNeg     . . .     Faith    .   a - +0 robe
rPois    .         Spirit   .   b - +0 hat
rElec    .         Reflect  .   (no cloak)
rCorr    .         Harm     .   (gloves unavailable)
MR       .....                  (boots unavailable)
Stlth    +.........             (no amulet)
HPRegen  0.60/turn              l - ring of magical power
MPRegen  0.14/turn              m - +3 ring of evasion

@: hasted, very quick
A: large, unfitting armour, claws 3, fast metabolism 3, gourmand, regeneration
1, shaggy fur 1, tough skin 3
a: no special abilities


You were in a sewer.
You were completely stuffed.

You visited 1 branch of the dungeon, and saw 3 of its levels.
You also visited: Sewer.

You collected 53 gold pieces.

Inventory:

Missiles
 c - a throwing net (quivered) {!f}
 g - 7 stones
Armour
 a - a +0 robe (worn)
 b - a +0 hat (worn)
Jewellery
 l - a ring of magical power (left claw)
 m - a +3 ring of evasion (right claw)
Scrolls
 d - 2 scrolls of identify {unknown}
 h - 2 scrolls of fog {unknown}
 j - 8 scrolls of teleportation {unknown}
 o - a scroll of blinking {unknown}
 t - a scroll of fear {unknown}
 u - a scroll of magic mapping {unknown}
Potions
 f - a potion of degeneration
 n - a potion of lignification {unknown}
 p - a potion of heal wounds {unknown}
 q - a potion of magic {unknown}
 r - a potion of haste {@q4 !q}
 s - a potion of might {unknown}
Comestibles
 e - 7 rations
 i - 3 chunks of flesh


   Skills:
 + Level 3.5 Fighting
 + Level 3.9 Throwing
 - Level 2.4 Dodging
 + Level 4.9 Unarmed Combat


You had 5 spell levels left.
You didn't know any spells.
Your spell library was empty.

Dungeon Overview and Level Annotations

Branches:
Dungeon (3/15)

Altars:

Annotations:
D:3 1 runed translucent door, Crazy Yiuf


Innate Abilities, Weirdness & Mutations

You are too large for most types of armour.
You have claws for hands.
Your metabolism is lightning-fast.
You like to eat raw meat.
Your natural rate of healing is unusually fast.
You are covered in fur. (AC +1)
You have extremely tough skin. (AC +3)


Message History

Aim: a bullfrog (water) Really fire
c - 3 throwing nets {!f}?
You throw a throwing net {!f}.
The throwing net {!f} hits the bullfrog.
The bullfrog is caught in the net!
You hear a splash.
The bullfrog struggles against the net.
The ball python bites you but does no damage.
The bullfrog struggles against the net.
The ball python barely misses you.
You scratch the bullfrog.
The bullfrog is moderately wounded.
The bullfrog struggles against the net.
The ball python bites you.
* * * LOW HITPOINT WARNING * * *
The bullfrog struggles against the net.
The net rips apart, and the bullfrog comes free!
The ball python barely misses you.
You barely miss the bullfrog.
The bullfrog is moderately wounded.
The bullfrog hits you.
* * * LOW HITPOINT WARNING * * *
The ball python bites you but does no damage.
The frilled lizard closely misses you. The ball python closely misses you.
The bullfrog barely misses you.
Sorry, you're not good enough to have a special ability.
Unknown command.
Throwing (i - inventory. (/) - cycle)
c - 2 throwing nets (quivered)
{!f}
Press: ? - help, Shift-Dir - straight line, f/p - bullfrog
Aim: a bullfrog (water, moderately wounded) Really fire
c - 2 throwing nets {!f}?
Throwing (i - inventory. (/) - cycle)
c - 2 throwing nets (quivered)
{!f}
Press: ? - help, Shift-Dir - straight line, f/p - bullfrog
Aim: a bullfrog (water, moderately wounded) Really fire
c - 2 throwing nets {!f}? [Y]es or [N]o only, please.
Really fire
c - 2 throwing nets {!f}?
You throw a throwing net {!f}.
The throwing net {!f} barely misses the bullfrog.
You hear a splash.
The ball python misses you. The frilled lizard closely misses you.
The bullfrog hits you!
* * * LOW HITPOINT WARNING * * *
The ball python barely misses you.
It was a potion of degeneration.
There was something very wrong with that liquid.
You feel weakened.
You feel dopey.
You feel clumsy. The ball python bites you.
* * * LOW HITPOINT WARNING * * *
The bullfrog misses you. The frilled lizard barely misses you.
The ball python misses you.
It was a potion of haste.
You feel yourself speed up. The bullfrog hits you.
* * * LOW HITPOINT WARNING * * *
The ball python barely misses you.
The ball python bites you but does no damage.
The frilled lizard barely misses you.
The bullfrog hits you but does no damage.
It was a potion of curing.
You feel better. The ball python bites you.
* * * LOW HITPOINT WARNING * * *
The ball python bites you but does no damage.
The bullfrog closely misses you.
The frilled lizard completely misses you.
Okay, then.
You barely miss the bullfrog.
The bullfrog is moderately wounded.
The ball python completely misses you. The bullfrog hits you.
* * * LOW HITPOINT WARNING * * *
The ball python barely misses you.
You scratch the bullfrog.
The bullfrog is moderately wounded.
The frilled lizard bites you but does no damage.
The bullfrog hits you but does no damage.
The ball python closely misses you. x2
You barely miss the bullfrog.
The bullfrog is moderately wounded.
The bullfrog closely misses you. The frilled lizard misses you.
You claw the bullfrog!
The bullfrog is severely wounded.
The ball python misses you. The ball python barely misses you.
The bullfrog hits you.
* * * LOW HITPOINT WARNING * * *
You completely miss the bullfrog.
The bullfrog is severely wounded.
The ball python misses you.
The frilled lizard bites you but does no damage.
The ball python closely misses you. The bullfrog misses you.
You closely miss the bullfrog.
The bullfrog is severely wounded.
The ball python bites you but does no damage.
The bullfrog hits you!
* * * LOW HITPOINT WARNING * * *
You completely miss the bullfrog.
The bullfrog is severely wounded.
The ball python bites you.
* * * LOW HITPOINT WARNING * * *
The frilled lizard closely misses you.
You scratch the bullfrog.
You kill the bullfrog!
The ball python misses you.
The ball python bites you but does no damage.
The frilled lizard bites you.
You die...

#≈≈≈≈≈≈#####
#≈≈≈÷≈
#≈≈≈≈≈≈#
#≈≈≈÷≈
#≈≈≈≈≈≈#
#≈≈÷≈≈
#≈≈≈≈≈≈#
#≈≈≈≈≈
#≈≈≈≈≈≈#
#≈≈≈≈≈
#≈#≈≈≈≈#
#≈≈.≈≈
#≈≈≈≈≈≈#
#≈.(.≈
#≈.l≈≈≈#
#≈≈≈..
#≈@S≈≈≈#
#≈≈≈≈≈
#Sl#≈≈≈#
#≈≈≈≈≈
#≈#≈≈≈≈#
#≈≈≈≈≈ #≈
(≈≈≈# #≈≈≈≈≈
#≈ ≈≈≈≈#
#≈≈≈≈≈ #≈
≈≈≈≈# #≈≈≈≈≈
#≈ ≈≈≈≈#
#≈≈≈≈≈ ##
.≈≈.# ##.≈.≈
S(..# #.....


You could see 2 ball pythons and 2 frilled lizards.

Vanquished Creatures
  3 bullfrogs
  5 adders
  6 river rats
  An ooze (D:2)
  4 worms (D:2)
  7 dart slugs
  2 leopard geckos
  11 ball pythons
  9 bats
  A giant cockroach (D:2)
  10 goblins
  3 hobgoblins
  3 frilled lizards
  4 kobolds
  28 rats
97 creatures vanquished.

Notes
Turn   | Place    | Note
-------+----------+-------------------------------------------
     0 | D:1      | MisterOstroum the Troll Gladiator began the quest for the
                  | Orb.
     0 | D:1      | Reached XP level 1. HP: 19/19 MP: 0/0
    62 | D:1      | Reached XP level 2. HP: 22/28 MP: 1/1
   331 | D:1      | Reached XP level 3. HP: 35/35 MP: 2/2
  1060 | D:2      | Noticed a bullfrog
  1068 | D:2      | Killed a bullfrog
  1068 | D:2      | Reached skill level 4 in Unarmed Combat
  1068 | D:2      | Reached XP level 4. HP: 29/44 MP: 3/3
  1190 | D:2      | Reached XP level 5. HP: 50/50 MP: 4/4
  1577 | D:3      | Found a runed translucent door.
  1578 | D:3      | Noticed Crazy Yiuf
  1614 | D:3      | Found a glowing drain.
  1627 | Sewer    | Entered a sewer
  1957 | Sewer    | Reached XP level 6. HP: 61/61 MP: 5/5
  1982 | Sewer    | HP: 2/61 [bullfrog (9)]
  1984 | Sewer    | Slain by a frilled lizard

Skill      XL: |  1  2  3  4  5 |
---------------+----------------+-----
Throwing       | 2 3 |  3.9
Fighting       | 2 3 |  3.5
Unarmed Combat | 4 |  4.9
Dodging        | |  2.4

Action                   |  1- 3 |  4- 6 || total
-------------------------+-------+-------++-------
Melee: Unarmed           |    79 |    81 ||   160
       Punch             |       |     2 ||     2
Throw: Stone             |    64 |    90 ||   154
       Throwing net      |       |     2 ||     2
  Use: Potion            |       |     3 ||     3
  Eat: Chunk             |    15 |     9 ||    24
Armor: Robe              |    38 |    42 ||    80
Dodge: Dodged            |    49 |    92 ||   141
